 Dungeon Crawl Stone Soup version 0.25.1-8-g42b30a86e7 (webtiles) character file.

Game seed: 6661000732151303092

14578 Gabide the Slinger (level 12, 0/95 HPs)
             Began as a Human Abyssal Knight on Dec 5, 2020.
             Was a High Priest of Lugonu.
             Slain by a freezing wraith (7 damage)
             ... led by a death knight
             ... on level 11 of the Dungeon.
             The game lasted 00:54:27 (17555 turns).

Gabide the Slinger (Human Abyssal Knight)          Turns: 17555, Time: 00:54:28

Health: 0/95       AC: 25    Str: 21    XL:     12   Next: 46%
Magic:  0/16       EV: 13    Int: 17    God:    Lugonu [*****.]
Gold:   2754       SH:  0    Dex: 14    Spells: 11/11 levels left

rFire    + . .     SeeInvis .   e - +4 glaive (vamp)
rCold    + . .     Gourm    .   (shield currently unavailable)
rNeg     . . .     Faith    .   g - +4 plate armour {MR+}
rPois    .         Spirit   +   p - +2 helmet {Int+3}
rElec    .         Reflect  .   C - scarf {rC+ rF+}
rCorr    .         Harm     .   a - +1 pair of gloves {archery}
MR       +....                  r - +1 pair of boots
Stlth    ..........             f - amulet of guardian spirit
HPRegen  0.25/turn              o - +4 ring of evasion
MPRegen  0.15/turn              t - +6 ring of strength

@: mighty, brilliant, slowed, very slow
A: no striking features
a: Depart the Abyss, Bend Space, Banish, Corrupt, Enter the Abyss, Renounce
Religion


You were on level 11 of the Dungeon.
You worshipped Lugonu.
Lugonu was extremely pleased with you.
You were not hungry.

You visited 2 branches of the dungeon, and saw 13 of its levels.
You visited the Abyss 1 time.
You also visited: Sewer.

You collected 3675 gold pieces.
You spent 921 gold pieces at shops.

Inventory:

Hand Weapons
 e - a +4 vampiric glaive (weapon)
 x - the +7 hunting sling "Sel Kij" {venom, rF+}
   (You found it on level 5 of the Dungeon)

   It poisons the ammo it fires.
   It protects you from fire.
 A - the +5 halberd of Doom {drain, Stlth+}
   (You found it on level 10 of the Dungeon)

   A truly terrible weapon, it drains the life of those it strikes.
   It makes you more stealthy.
Armour
 a - a +1 pair of gloves of archery (worn)
 g - a +4 plate armour of magic resistance (worn)
 i - a scarf of repulsion
 p - a +2 helmet of intelligence (worn)
 r - a +1 pair of boots (worn)
 C - a scarf of resistance (worn)
Jewellery
 d - an uncursed ring of ice
 f - an amulet of guardian spirit (around neck)
 o - a +4 ring of evasion (left hand)
 s - a +6 ring of strength
 t - a +6 ring of strength (right hand)
Wands
 k - a wand of paralysis (22)
 z - a wand of random effects (21)
 B - a wand of polymorph (9)
Scrolls
 l - 3 scrolls of amnesia
 u - 5 scrolls of remove curse
 v - 2 scrolls of identify
 w - 2 scrolls of magic mapping
Potions
 b - a potion of brilliance
 h - 2 potions of cancellation
 n - 3 potions of flight
 D - a potion of mutation
Miscellaneous
 j - a phantom mirror
Comestibles
 c - 17 rations


   Skills:
 + Level 9.3 Fighting
 * Level 7.9(8.4) Polearms
   Level 4.3(6.7) Staves
 - Level 10.1 Slings
 + Level 8.1 Armour
 + Level 5.8 Dodging
 - Level 6.1 Invocations


You had 11 spell levels left.
You didn't know any spells.
Your spell library contained the following spells:

 Spells                   Type           Power        Failure   Level  Hunger
 Foxfire                  Conj/Fire      #...         99%         1    None
 Conjure Flame            Conj/Fire      #.......     100%        3    None
 Inner Flame              Hex/Fire       #.......     100%        3    None
 Sticky Flame             Conj/Fire      #.......     100%        4    None
 Fireball                 Conj/Fire      #.........   100%        5    None


Dungeon Overview and Level Annotations

Branches:
Dungeon (11/15)            Temple (0/1) D:5            Lair (0/6) D:8
    Orc (2/2) D:10            Elf (0/3) Orc:2         Sewer (visited)

Altars:
Ashenzari
Cheibriados
Dithmenos
Fedhas
Sif Muna
Vehumet
Zin
The Shining One
Beogh

Shops:
D:6 [   D:10 [(*   Orc:1 *   Orc:2 *:[(

Annotations:
Orc:2 corrupted


Message History

* * * LOW HITPOINT WARNING * * *
The freezing wraith drains your vigour!
You feel as though you will be slow longer.
Space bends around you!
You blink.
Okay, then.
Okay, then.
You feel very mighty all of a sudden.
Aiming: Paralyse
Press: ? - help, Shift-Dir - straight line, f - freezing wraith
Aim: a freezing wraith (chance to defeat MR: 28%)
The freezing wraith easily resists.
You barely miss the freezing wraith.
The freezing wraith is heavily damaged.
The freezing wraith hits you but does no damage. x2
The freezing wraith barely misses you.
The freezing wraith hits you but does no damage.
The freezing wraith hits you.
* * * LOW HITPOINT WARNING * * *
The freezing wraith freezes you! You resist.
You die...

[.. .# ....... ...
$...... ...[
####.....#####....
.......##........
................
###'#............
#................
#@W......(.......
#.W....##)...##+#
#......##%...##+#.
........((...##....
...............(...
...................
...................
....................
...................


You could see 2 freezing wraiths.

Vanquished Creatures
  An orc warlord (Orc:2)
  A two-headed ogre (D:10)
  A death knight (D:11)
  An orc knight (Orc:1)
  A cyclops (D:11)
  2 orc sorcerers
  4 trolls
  A snapping turtle (Orc:2)
  Sigmund (D:6)
  4 yaks (D:8)
  A wyvern (D:9)
  2 hungry ghosts (D:9)
  5 wargs
  Menkaure (D:5)
  A water moccasin (D:8)
  An ice beast (D:6)
  A sky beast (D:7)
  35 orc warriors
  A black bear (D:9)
  A phantom (D:8)
  7 ogres
  A necrophage (D:7)
  2 centaurs
  A big kobold (Sewer)
  2 bullfrogs
  2 scorpions
  3 killer bees (D:10)
  3 howler monkeys (D:9)
  10 wights
  3 crimson imps
  A centaur zombie (D:11)
  4 centaur skeletons
  8 hounds
  A quasit (D:10)
  16 orc priests
  2 bullfrog skeletons
  2 jellies
  12 orc wizards
  2 iguanas
  Terence (D:3)
  6 worker ants
  2 worker ant zombies
  8 adders
  2 river rats
  3 oozes
  3 adder zombies
  5 worms
  3 dart slugs
  9 leopard geckos
  73 orcs
  2 ball pythons
  4 giant cockroaches
  8 goblins
  10 hobgoblins
  13 jackals
  8 kobolds
  4 quokkas
  7 bats
  3 frilled lizards
  A leopard gecko skeleton (D:6)
  A quokka zombie (D:8)
  13 rats
337 creatures vanquished.

Vanquished Creatures (others)
  A merfolk (Orc:2)
  2 orc warriors (Orc:2)
  An orc wizard (Orc:2)
  5 orcs (Orc:2)
  A rat (D:3)
10 creatures vanquished.

Grand Total: 347 creatures vanquished

Notes
Turn   | Place    | Note
-------+----------+-------------------------------------------
     0 | Abyss:1  | Gabide the Human Abyssal Knight began the quest for the
                  | Orb.
     0 | Abyss:1  | Reached XP level 1. HP: 18/18 MP: 2/2
     3 | Abyss:1  | Found a snail-covered altar of Cheibriados.
    65 | Abyss:1  | Noticed a large abomination
    66 | D:1      | Escaped the Abyss
   378 | D:1      | Reached XP level 2. HP: 24/24 MP: 3/3
   716 | D:1      | Reached * piety under Lugonu
   795 | D:1      | Reached XP level 3. HP: 29/29 MP: 4/4
  1572 | D:2      | Reached XP level 4. HP: 34/35 MP: 6/6
  2226 | D:3      | Reached XP level 5. HP: 22/41 MP: 5/7
  2406 | D:3      | Found a glowing drain.
  2412 | Sewer    | Entered a sewer
  2431 | Sewer    | Reached ** piety under Lugonu
  2513 | Sewer    | Noticed a big kobold
  2573 | Sewer    | Killed a big kobold
  2708 | Sewer    | Found a white marble altar of Elyvilon.
  2803 | D:3      | Noticed Terence
  2829 | D:3      | Killed Terence
  2829 | D:3      | Reached XP level 6. HP: 24/47 MP: 6/8
  3042 | D:3      | Found a shattered altar of Ashenzari.
  3276 | D:3      | Found a radiant altar of Vehumet.
  3980 | D:4      | Noticed an ogre
  4283 | D:4      | Got a polished quarterstaff
  4284 | D:4      | Identified the cursed +0 quarterstaff "Ycwol" {venom,
                  | Dex+2} (You found it on level 4 of the Dungeon)
  4359 | D:4      | Noticed an ogre
  4372 | D:4      | Killed an ogre
  4372 | D:4      | Reached XP level 7. HP: 6/53 MP: 1/10
  4854 | D:4      | Reached skill level 1 in Staves
  5518 | D:4      | Reached XP level 8. HP: 50/60 MP: 9/11
  5612 | D:5      | Entered Level 5 of the Dungeon
  5821 | D:5      | Reached skill level 5 in Invocations
  5877 | D:5      | Got a shimmering hunting sling
  5878 | D:5      | Identified the +7 hunting sling "Sel Kij" {venom, rF+} (You
                  | found it on level 5 of the Dungeon)
  5942 | D:5      | Found a staircase to the Ecumenical Temple.
  5944 | D:5      | Reached *** piety under Lugonu
  5948 | D:5      | Reached skill level 1 in Slings
  5952 | D:5      | Noticed Menkaure
  5966 | D:5      | Killed Menkaure
  5966 | D:5      | Reached skill level 2 in Slings
  6250 | D:5      | Found a snail-covered altar of Cheibriados.
  6250 | D:5      | Found a shadowy altar of Dithmenos.
  6418 | D:5      | Reached skill level 5 in Armour
  6789 | D:6      | Reached skill level 3 in Slings
  6934 | D:6      | Noticed Sigmund
  6940 | D:6      | Reached skill level 4 in Slings
  6944 | D:6      | Reached XP level 9. HP: 45/66 MP: 6/12
  7316 | D:6      | Reached skill level 5 in Slings
  7337 | D:6      | Killed Sigmund
  7482 | D:6      | Found Miobbekk's Armour Shoppe.
  7532 | D:6      | Bought a +0 pair of gloves of archery for 126 gold pieces
  7699 | D:6      | Reached skill level 6 in Slings
  8750 | D:7      | Reached skill level 5 in Fighting
  9123 | D:7      | Found a shimmering blue altar of Sif Muna.
  9270 | D:8      | Reached **** piety under Lugonu
  9446 | D:8      | Identified a scroll of acquirement
  9446 | D:8      | Acquired 2240 gold pieces
  9472 | D:8      | Reached skill level 7 in Slings
  9506 | D:8      | Reached XP level 10. HP: 69/74 MP: 11/13
  9515 | D:8      | Reached skill level 8 in Slings
  9975 | D:8      | Found a staircase to the Lair.
 10590 | D:9      | Found a blossoming altar of Fedhas.
 10653 | D:9      | Found a glowing silver altar of Zin.
 10712 | D:9      | Found a glowing golden altar of the Shining One.
 10887 | D:9      | Reached skill level 9 in Slings
 11095 | D:10     | Entered Level 10 of the Dungeon
 11099 | D:10     | Noticed a two-headed ogre
 11106 | D:10     | Killed a two-headed ogre
 11152 | D:10     | Found Icleiptiges's Weapon Boutique.
 11155 | D:10     | Found a staircase to the Orcish Mines.
 11172 | D:10     | Reached XP level 11. HP: 56/83 MP: 9/15
 11174 | D:10     | Found Tadizy's Armour Boutique.
 11339 | D:10     | Reached ***** piety under Lugonu
 11370 | D:10     | Got a slimy halberd
 11371 | D:10     | Identified the +5 halberd of Doom {drain, Stlth+} (You
                  | found it on level 10 of the Dungeon)
 11435 | Orc:1    | Entered Level 1 of the Orcish Mines
 11435 | Orc:1    | Noticed an orc sorcerer
 11441 | Orc:1    | Killed an orc sorcerer
 11671 | Orc:1    | Found Suonosm's Assorted Antiques.
 11906 | Orc:1    | Reached skill level 10 in Slings
 12049 | Orc:1    | Found a roughly hewn altar of Beogh.
 12243 | Orc:2    | Entered Level 2 of the Orcish Mines
 12393 | Orc:2    | Noticed an orc knight
 12406 | Orc:2    | Reached skill level 5 in Polearms
 12635 | Orc:1    | Killed an orc knight
 12915 | Orc:2    | Found a staircase to the Elven Halls.
 13455 | Orc:2    | Noticed an orc sorcerer
 13463 | Orc:2    | Noticed an orc warlord
 13464 | Orc:2    | Killed an orc sorcerer
 14200 | Orc:2    | Reached skill level 5 in Dodging
 14240 | Orc:2    | Found a roughly hewn altar of Beogh.
 14504 | Orc:2    | Reached XP level 12. HP: 38/94 MP: 7/16
 14517 | Orc:2    | Killed an orc warlord
 14848 | Orc:2    | Paralysed by an orc sorcerer for 6 turns
 14859 | Orc:2    | HP: 3/95 [orc sorcerer/bolt of negative energy[an orc
                  | warlord] (20)]
 15249 | Orc:2    | Found a roughly hewn altar of Beogh.
 15250 | Orc:2    | Found Xaeq's Assorted Antiques.
 15431 | Orc:2    | Bought a viscous emerald potion for 27 gold pieces
 15506 | Orc:2    | Found a roughly hewn altar of Beogh.
 15981 | Orc:2    | Found Falepn's Antique Weapon Emporium.
 15982 | Orc:2    | Found a roughly hewn altar of Beogh.
 15983 | Orc:2    | Found Anuaxew's Antique Armour Shoppe.
 15996 | Orc:2    | Bought a runed helmet for 210 gold pieces
 16058 | Orc:2    | Found a roughly hewn altar of Beogh.
 16060 | Orc:2    | Found Cisaoz's Book Shop.
 16062 | Orc:2    | Noticed a sun demon
 16078 | Orc:2    | Corrupted Orc:2
 16078 | Orc:2    | Noticed a spatial maelstrom
 16078 | Orc:2    | Noticed a large abomination
 16078 | Orc:2    | Noticed a large abomination
 16079 | Orc:2    | Noticed a thrashing horror
 16080 | Orc:2    | Noticed a purple very ugly thing
 16080 | Orc:2    | Noticed a shadow demon
 16083 | Orc:2    | Noticed a starcursed mass
 16086 | Orc:2    | Noticed an Executioner
 16115 | Orc:2    | Noticed an eidolon
 16872 | D:10     | Bought a scarf of repulsion for 168 gold pieces
 17100 | D:10     | Found Jilatzyreo's General Store.
 17106 | D:10     | Bought a phantom mirror for 390 gold pieces
 17516 | D:11     | Noticed a death knight
 17541 | D:11     | Killed a death knight
 17555 | D:11     | Slain by a freezing wraith

Illustrated notes

Levels and vault maps discovered:
D:1:      matt_arrival_grand_opening, layout_loops_corners
D:2:      layout_loops_ring, corexii_shack
D:3:      layout_loops_corners, ashenzari_altar_1, fiery_altar_vehumet,
          gup_sewer_entry_bubbles, uniq_terence
D:4:      layout_loops_ring
D:5:      layout_basic, grunt_temple_overflow_open, minmay_temple_entry_trees,
          first_ration, uniq_menkaure
D:6:      layout_basic, serial_shops, nicolae_shop_statue_plus,
          kennysheep_windowed_goal, uniq_sigmund
D:7:      layout_gridville, lemuel_statue_altar
D:8:      layout_loops_corners, lair_entry_dummy
D:9:      layout_basic, nicolae_overflow_crystal_walls, lemuel_round_altar,
          basic_altar
D:10:     layout_roguey, orc_david_3, serial_shops, shop_statue
D:11:     layout_basic, hangedman_ranch [blue_anna_fruit_fields],
          chequers_big_river, uniq_erolcha
Orc:1:    layout_caves, basic_altar, serial_shops, nicolae_shop_crystal
Orc:2:    grunt_orc_community_town_hall, layout_caves,
          grunt_orc_community_big_house_1, grunt_orc_community_big_house_1,
          grunt_orc_community_house_3, grunt_orc_community_house_1,
          grunt_orc_community_house_3, grunt_orc_community_house_2,
          grunt_orc_community_house_2

Skill      XL: |  1  2  3  4  5  6  7  8  9 10 11 12 |
---------------+-------------------------------------+-----
Polearms       | 3 4 6 7 |  7.9
Invocations    | 3 4 5 6 |  6.1
Armour         | 3 4 5 6 7 8 |  8.1
Fighting       | 4 5 6 8 9 |  9.3
Staves         | 2 3 4 |  4.3
Dodging        | 2 3 5 |  5.8
Slings         | 4 7 9 10 | 10.1

Action                   |  1- 3 |  4- 6 |  7- 9 | 10-12 || total
-------------------------+-------+-------+-------+-------++-------
Melee: Spear             |   150 |   331 |       |       ||   481
       Quarterstaff      |       |     7 |   124 |    38 ||   169
       Hunting sling     |       |       |     1 |       ||     1
       Halberd           |       |       |       |   233 ||   233
       Glaive            |       |       |       |   239 ||   239
 Fire: Hunting sling     |       |       |   171 |   171 ||   342
Throw: Dart              |       |     8 |     4 |       ||    12
       Boomerang         |       |     1 |    51 |       ||    52
       Throwing net      |       |       |       |     2 ||     2
Invok: Depart the Abyss  |     1 |       |       |       ||     1
       Bend Space        |       |     1 |     5 |    17 ||    23
       Corrupt           |       |       |       |     1 ||     1
Evoke: Wand              |       |       |       |    26 ||    26
  Use: Scroll            |     5 |     7 |    10 |    12 ||    34
       Potion            |       |     2 |     3 |    14 ||    19
 Stab: Paralysed         |       |       |       |     3 ||     3
  Eat: Chunk             |     2 |     9 |     2 |    22 ||    35
       Ration            |       |       |     4 |     2 ||     6
Armor: Chain mail        |    72 |   145 |   117 |   195 ||   529
       Skin              |       |       |       |    33 ||    33
       Plate armour      |       |       |       |   140 ||   140
Dodge: Dodged            |    28 |    67 |    74 |   489 ||   658
